 Dungeon Crawl Stone Soup version 0.27-a0-869-g165b36e3f0 (webtiles) character file.

Game seed: 7267698352456564659

7 srzhan31 the Skirmisher (level 1, 0/18 HPs)
             Began as a Demonspawn Monk on Apr 3, 2021.
             Slain by a ball python (1 damage)
             ... on level 1 of the Dungeon.
             The game lasted 00:00:53 (206 turns).

srzhan31 the Skirmisher (Demonspawn Monk)            Turns: 206, Time: 00:00:54

Health: 0/18       AC:  2    Str: 11    XL:     1   Next: 83%
Magic:  1/1        EV: 13    Int: 11    God:
Gold:   35         SH:  0    Dex: 15    Spells: 0/0 levels left

rFire    . . .     SeeInvis .     - Unarmed
rCold    . . .     Faith    .   (no shield)
rNeg     . . .     Spirit   .   a - +0 robe
rPois    .         Reflect  .   (no helmet)
rElec    .         Harm     .   (no cloak)
rCorr    .         Rampage  .   (no gloves)
Will     .....                  (no boots)
Stlth    ++........             (no amulet)
HPRegen  0.06/turn              (no ring)
MPRegen  0.07/turn              (no ring)

@: no status effects
A: no striking features
a: no special abilities


You were on level 1 of the Dungeon.
You visited 1 branch of the dungeon, and saw 1 of its levels.

You collected 35 gold pieces.

Inventory:

Armour
 a - a +0 robe (worn)


   Skills:
 * Level 3.0 Fighting
 * Level 2.8 Dodging
 + Level 1.7 Stealth
 * Level 3.0 Unarmed Combat


You couldn't memorise any spells.
You didn't know any spells.
Your spell library was empty.

Dungeon Overview and Level Annotations

Branches:
Dungeon (1/15)

Altars:


Message History

You kill the hobgoblin!
Your Unarmed Combat skill increases to level 3!
Found 17 stones.
You now have 23 gold pieces (gained 18).
Found a faded altar of an unknown god.
You now have 35 gold pieces (gained 12).
Found 23 sling bullets.
A ball python, a jackal and an endoplasm come into view.
The jackal barks!
The ball python moves out of view.
The ball python hisses angrily.
Found a mace.
The jackal misses you.
A jackal comes into view.
You miss the jackal.
The jackal bites you but does no damage.
The ball python misses you. The ball python grabs you.
The ball python constricts you. The jackal completely misses you.
You closely miss the jackal. The ball python bites you.
The ball python constricts you. The jackal bites you.
The ball python bites you.
* * * LOW HITPOINT WARNING * * *
x2 The ball python constricts you.
You barely miss the jackal. The jackal barely misses you.
The ball python bites you.
* * * LOW HITPOINT WARNING * * *
The ball python constricts you.
You escape the ball python's grasp.
The endoplasm quivers.
The jackal closely misses you. The jackal bites you.
* * * LOW HITPOINT WARNING * * *
You hit the jackal.
The jackal is almost dead.
The ball python bites you but does no damage.
The ball python barely misses you.
You barely miss the jackal. The ball python closely misses you. x2
The jackal barely misses you.
You barely miss the jackal. The ball python bites you.
You die...

####..[..........
..........)......
####......)......
####............####
....................
###.......#########
######...........
#.................
#....@............
####(..Shh..(......##
)...._.............#
........J..........#
............####...#
....##.#....# ....
.... #.#....# ... ###
......... ..
...........


You could see an endoplasm, 2 jackals and a ball python.

Vanquished Creatures
  An endoplasm (D:1)
  2 goblins (D:1)
  A hobgoblin (D:1)
  A kobold (D:1)
  A ball python (D:1)
6 creatures vanquished.

Notes
Turn   | Place    | Note
-------+----------+-------------------------------------------
     0 | D:1      | srzhan31 the Demonspawn Monk began the quest for the Orb.
     0 | D:1      | Reached XP level 1. HP: 18/18 MP: 1/1
   186 | D:1      | Found a faded altar of an unknown god.
   206 | D:1      | Slain by a ball python

Illustrated notes

Levels and vault maps discovered:
D:1:      evilmike_arrival_hilbert_curve, layout_basic, basic_ecumenical_altar,
          due_unseen_surprise

Skill      XL: |  1 |
---------------+----+-----
Unarmed Combat | 3 |  3.0
Fighting       | |  3.0
Dodging        | |  2.8
Stealth        | |  1.7

Action                   || total
-------------------------++-------
Melee: Unarmed           ||    26
 Stab: Distracted        ||     1
Armor: Robe              ||     7
Dodge: Dodged            ||    24

Table legend: (Time is in decaauts)
 A = Elapsed time spent in this place.
 B = Non-inter-level travel time spent in this place.
 C = Inter-level travel time spent in this place.
 D = Time resting spent in this place.
 E = Time spent auto-exploring this place.
 F = Levels seen in this place.
 G = Mean time per level.
                   A        B        C        D        E       F      G
               +--------+--------+--------+--------+--------+-----+--------+
         Total |    205 |    205 |      0 |      0 |     99 |   1 |  205.0 |
       Dungeon |    205 |    205 |      0 |      0 |     99 |   1 |  205.0 |
               +--------+--------+--------+--------+--------+-----+--------+

Top non-repeatable levels by time:
     D:1: 205 daAuts
